 Dungeon Crawl Stone Soup version 0.25.1-2-g60ff931df9 (webtiles) character file.

Game seed: 1516733338603612392

85 H0rd4k the Magician (level 4, 0/24 HPs)
             Began as a Deep Elf Wizard on Nov 3, 2020.
             Succumbed to an adder's poison
             ... on level 2 of the Dungeon.
             The game lasted 00:03:10 (3007 turns).

H0rd4k the Magician (Deep Elf Wizard)               Turns: 3007, Time: 00:03:11

Health: 0/24       AC:  2    Str:  4    XL:     4   Next: 25%
Magic:  0/13       EV: 13    Int: 24    God:
Gold:   66         SH:  0    Dex: 13    Spells: 5/14 levels left

rFire    . . .     SeeInvis .   (no weapon)
rCold    . . .     Gourm    .   (no shield)
rNeg     . . .     Faith    .   a - +0 robe
rPois    .         Spirit   .   b - +0 hat
rElec    .         Reflect  .   (no cloak)
rCorr    .         Harm     .   (no gloves)
MR       .....                  (no boots)
Stlth    ++........             (no amulet)
HPRegen  0.08/turn              (no ring)
MPRegen  0.13/turn              (no ring)

@: lethally poisoned (0 -> -9), very slightly contaminated
A: no striking features
a: no special abilities


You were on level 2 of the Dungeon.
You were not hungry.

You visited 1 branch of the dungeon, and saw 2 of its levels.

You collected 66 gold pieces.

Inventory:

Armour
 a - a +0 robe (worn)
 b - a +0 hat (worn)
Jewellery
 c - an uncursed ring of poison resistance {unknown}
Scrolls
 f - a scroll of blinking {unknown}
 h - a scroll of teleportation
 i - a scroll of remove curse {unknown}
 j - a scroll of magic mapping {unknown}
Potions
 e - a potion of curing {unknown}
 g - 2 potions of stabbing {unknown}
 l - a potion of heal wounds {unknown}
Comestibles
 d - 5 rations
 k - 5 chunks of flesh


   Skills:
 + Level 2.5 Dodging
 + Level 3.3 Stealth
 + Level 5.6 Spellcasting
 + Level 1.6 Conjurations
   Level 1.1 Summonings
 + Level 1.1 Translocations
 * Level 0.3 Fire Magic
 * Level 1.4 Air Magic
 * Level 0.5 Poison Magic


You had 5 spell levels left.
You knew the following spells:

 Your Spells              Type           Power        Failure   Level  Hunger
a - Magic Dart            Conj           ##..         4%          1    None
b - Blink                 Tloc           N/A          8%          2    None
c - Conjure Flame         Conj/Fire      ##......     16%         3    #......
d - Mephitic Cloud        Conj/Pois/Air  ##......     16%         3    #......

Your spell library contained the following spells:

 Spells                   Type           Power        Failure   Level  Hunger
 Call Imp                 Summ           ##......     8%          2    None
 Slow                     Hex            #.......     13%         2    None


Dungeon Overview and Level Annotations

Branches:
Dungeon (2/15)

Altars:
Trog


Message History

Press: ? - help, Shift-Dir - straight line, f/p - adder
Aim: an adder (almost dead)
You miscast Magic Dart.
You are very lightly contaminated with residual magic.
Nothing appears to happen.
* * * LOW HITPOINT WARNING * * *
You feel sick. The adder bites you.
* * * LOW HITPOINT WARNING * * *
You are more poisoned.
The adder poisons you! The adder bites you.
* * * LOW HITPOINT WARNING * * *
* * * LOW HITPOINT WARNING * * *
You feel sick.
Casting: Magic Dart (safe; 4% risk of failure)
Confirm with . or Enter, or press ? or * to list all spells.
Aiming: Magic Dart (safe; 4% risk of failure)
Press: ? - help, Shift-Dir - straight line, f/p - adder
Aim: an adder (almost dead)
You miscast Magic Dart.
Nothing appears to happen.
You die...

......>....##...#
.......######...###
##...### #.......#
#...# #.......#
##### #.......# ..
####..<.## #.
#.....รท.#### .
#.##..S....# .# . #
#!##@##.# ##.#...
#....# # ......#
#.##.# .#.##. #.
#.# .#.# .. ...
...# #. ### .### #.
....# ......


You could see an adder.

Vanquished Creatures
  3 adders (D:2)
  2 worms (D:2)
  4 dart slugs
  4 leopard geckos
  4 bats
  A giant cockroach (D:1)
  5 hobgoblins
  A ball python (D:2)
  5 frilled lizards
  8 goblins
  3 kobolds
  3 rats (D:2)
43 creatures vanquished.

Notes
Turn   | Place    | Note
-------+----------+-------------------------------------------
     0 | D:1      | H0rd4k the Deep Elf Wizard began the quest for the Orb.
     0 | D:1      | Reached XP level 1. HP: 10/10 MP: 7/7
   500 | D:1      | Reached XP level 2. HP: 15/15 MP: 0/9
   774 | D:1      | Reached skill level 5 in Spellcasting
  1161 | D:1      | Reached XP level 3. HP: 15/19 MP: 6/11
  1165 | D:1      | Learned a level 2 spell: Blink
  1169 | D:1      | Learned a level 3 spell: Conjure Flame
  1173 | D:1      | Learned a level 3 spell: Mephitic Cloud
  1782 | D:2      | Reached skill level 1 in Air Magic
  1848 | D:2      | Found a bloodstained altar of Trog.
  2440 | D:2      | Found a faded altar of an unknown god.
  2585 | D:2      | Reached XP level 4. HP: 24/24 MP: 10/13
  3006 | D:2      | HP: 1/24 [poisoned by an adder]
  3007 | D:2      | Succumbed to an adder's poison

Illustrated notes

Levels and vault maps discovered:
D:1:      dpeg_arrival_leaves_temple_mockup, layout_basic,
          kennysheep_minor_cross
D:2:      layout_loops_cross, overflow_temple_1_default,
          chequers_ecumenical_altar_simple_redux

Skill      XL: |  1  2  3 |
---------------+----------+-----
Stealth        | 3 |  3.3
Spellcasting   | 5 |  5.6
Air Magic      | 1 |  1.4
Dodging        | |  2.5
Conjurations   | |  1.6
Summonings     | |  1.1
Translocations | |  1.1
Fire Magic     | |  0.3
Poison Magic   | |  0.5

Action                   |  1- 3 |  4- 6 || total
-------------------------+-------+-------++-------
 Cast: Magic Dart        |   115 |    34 ||   149
  Use: Scroll            |     2 |       ||     2
  Eat: Chunk             |     5 |     1 ||     6
Armor: Robe              |     1 |     1 ||     2
Dodge: Dodged            |    12 |    12 ||    24
